 Dungeon Crawl Stone Soup version 0.28-a0-691-gad6df49e81 (webtiles) character file.

Game seed: 473434315276329237

184 kae the Insei (level 5, -3/48 HPs)
             Began as a Draconian Transmuter on Oct 21, 2021.
             Was a Follower of Ru.
             Slain by Duvessa (8 damage)
             ... on level 4 of the Dungeon.
             The game lasted 00:02:30 (3957 turns).

kae the Insei (Draconian Transmuter)                Turns: 3957, Time: 00:02:30

Health: -3/48      AC:  5    Str: 12    XL:     5   Next: 36%
Magic:  5/8        EV: 10    Int: 14    God:    Ru [*.....]
Gold:   62         SH:  0    Dex: 12    Spells: 0/8 levels left

rFire   x . .      SeeInvis .     - Unarmed
rCold   + + +      Faith    .   (shield currently unavailable)
rNeg    . . .      Spirit   .   (armour unavailable)
rPois   +          Reflect  .   (helmet currently unavailable)
rElec   .          Harm     .   (cloak currently unavailable)
rCorr   .          Rampage  .   (gloves currently unavailable)
Will    .....                   (boots currently unavailable)
Stlth   +.........              (no amulet)
HPRegen 0.16/turn               (no ring)
MPRegen 0.11/turn               (no ring)

@: ice-form, unable to drink
A: freezing attack, amphibious, boosted hp, no potions, AC +5, large, unfitting
armour, (cold-blooded), inability to drink while threatened
a: End Transformation, Renounce Religion


You were on level 4 of the Dungeon.
You worshipped Ru.
Ru was aware of your devotion.
You were a creature of crystalline ice.
You visited 1 branch of the dungeon, and saw 4 of its levels.

You collected 62 gold pieces.

Inventory:

Jewellery
 h - a ring of ice
Potions
 a - a potion of ambrosia {unknown}
 b - a potion of flight {unknown}
 c - a potion of might {unknown}
 f - a potion of lignification {unknown}
 i - a potion of haste {unknown}
 j - a potion of attraction {unknown}
 k - a potion of heal wounds {unknown}


   Skills:
 - Level 1.1 Fighting
 - Level 1.7 Dodging
 * Level 4.4 Unarmed Combat
 - Level 2.0 Spellcasting
 * Level 3.8 Transmutations
 * Level 0.7 Ice Magic
 - Level 2.0 Poison Magic


You couldn't memorise any spells.
You knew the following spells:

 Your Spells              Type           Power      Damage    Failure   Level
a - Beastly Appendage     Tmut           24%        N/A       4%          1
b - Spider Form           Tmut/Pois      4%         N/A       22%         3
c - Ice Form              Ice/Tmut       7%         N/A       67%         4

Your spell library contained the following spells:

 Spells                   Type           Power      Damage    Failure   Level
 Wereblood                Tmut           12%        N/A       8%          2


Dungeon Overview and Level Annotations

Branches:
Dungeon (4/15)
 Temple: D:4-7

Altars:
Ru

Annotations:
D:4 Dowan, Duvessa


Innate Abilities, Weirdness & Mutations

You are a creature of crystalline ice.
You have a powerful freezing melee attack.
You are amphibious.
Your maximum health is increased.
Your armour is entirely melded.
You are incapable of wielding weapons or throwing items.
You cannot drink.
((Your plain brown scales are hard. (AC +5)))
You cannot fit into any form of body armour.
((You are cold-blooded and may be slowed by cold attacks.))
You sometimes lose the ability to drink potions when taking damage.


Message History

You start resting.
Your magical contamination has completely faded away.
You start resting.
Magic restored.
HP restored.
Casting: Ice Form (extremely dangerous; 67% risk of failure)
Confirm with . or Enter, or press ? or * to list all spells.
The spell is extremely dangerous to cast (67% risk of failure)!
Continue anyway? [Y]es or [N]o only, please.
The spell is extremely dangerous to cast (67% risk of failure)!
Continue anyway?
You turn into a creature of crystalline ice.
You climb downwards.
Level annotation: Dowan, Duvessa Duvessa hits you with a +0 short sword!
There is a stone staircase leading up, spattered with blood here.
You hit Duvessa. You freeze Duvessa.
Duvessa is lightly wounded.
Duvessa closely misses you.
You barely miss Duvessa.
Duvessa is lightly wounded.
Duvessa hits you with a +0 short sword!
You feel threatened and lose the ability to drink potions!
You hit Duvessa. You freeze Duvessa.
Duvessa is moderately wounded.
Duvessa hits you with a +0 short sword.
You hit Duvessa but do no damage.
Duvessa is moderately wounded.
Duvessa hits you with a +0 short sword!
You hit Duvessa. You freeze Duvessa.
Duvessa is heavily wounded.
Duvessa hits you with a +0 short sword!
* * * LOW HITPOINT WARNING * * *
You punch Duvessa! You freeze Duvessa.
Duvessa is almost dead.
Duvessa hits you with a +0 short sword!
* * * LOW HITPOINT WARNING * * *
You completely miss Duvessa.
Duvessa is almost dead.
Duvessa hits you with a +0 short sword!
You die...

# ###.# .# #. ..#.#..#
.... #
#.####.#.#..#....#.
#.#....#.#.#..#.....?
?................>..(.
..........#.#..#$.....
##.####...#.#.........
............#e.....#
##.........e..Y#
........#.###.##
....).†.........
.#.####.#.###.### #
#...# #.# ##..# #.#
#..###.#######
##............
#..##.#######


You could see Duvessa and Dowan.

Vanquished Creatures
  An iguana (D:4)
  An orc wizard (D:3)
  3 gnolls (D:3)
  2 adders
  An ufetubus (D:4)
  2 worms (D:2)
  3 dart slugs
  An orc (D:3)
  8 bats
  5 endoplasms
  5 giant cockroaches
  5 hobgoblins
  6 jackals
  2 quokkas (D:1)
  5 ball pythons
  6 frilled lizards
  3 goblins
  7 kobolds
  5 rats
71 creatures vanquished.

Notes
Turn   | Place    | Note
-------+----------+-------------------------------------------
     0 | D:1      | kae the Draconian Transmuter began the quest for the Orb.
     0 | D:1      | Reached XP level 1. HP: 16/16 MP: 3/3
   162 | D:1      | Found a faded altar of an unknown god.
   251 | D:1      | Reached XP level 2. HP: 20/23 MP: 3/5
   497 | D:1      | You fall into a shaft and drop 1 floor!
   647 | D:2      | Reached XP level 3. HP: 27/28 MP: 4/6
   651 | D:2      | Learned a level 3 spell: Spider Form
  1055 | D:2      | Found a sacrificial altar of Ru.
  1122 | D:2      | Became a worshipper of Ru the Awakened
  1750 | D:2      | Reached skill level 1 in Poison Magic
  1965 | D:3      | Reached XP level 4. HP: 35/35 MP: 5/7
  2366 | D:3      | Reached skill level 4 in Unarmed Combat
  2476 | D:3      | Reached XP level 5. HP: 21/40 MP: 4/8
  2715 | D:3      | Learned a level 4 spell: Ice Form
  2950 | D:4      | Gained mutation: You sometimes lose the ability to drink
                  | potions when taking damage. [Ru sacrifice]
  2950 | D:4      | Reached * piety under Ru
  3108 | D:4      | Noticed Dowan
  3110 | D:4      | Noticed Duvessa
  3957 | D:4      | Slain by Duvessa

Illustrated notes

Levels and vault maps discovered:
D:1:      beargit_arrival_diablo_church, layout_basic,
          chequers_ecumenical_altar_simple_redux
D:2:      layout_loops_ring, basic_altar
D:3:      layout_basic
D:4:      layout_basic, uniq_menkaure, uniq_eustachio, uniq_duvessa

Skill      XL: |  1  2  3  4  5 |
---------------+----------------+-----
Transmutations | 3 |  3.8
Poison Magic   | 1 2 |  2.0
Unarmed Combat | 4 |  4.4
Fighting       | |  1.1
Dodging        | |  1.7
Spellcasting   | |  2.0
Ice Magic      | |  0.7

Action                   |  1- 3 |  4- 6 || total
-------------------------+-------+-------++-------
Melee: Unarmed           |   130 |    80 ||   210
       Kick              |    17 |    10 ||    27
       Headbutt          |    15 |     4 ||    19
       Tailslap          |    12 |     3 ||    15
       Punch             |     3 |       ||     3
 Cast: Beastly Appendage |    33 |    11 ||    44
       Spider Form       |       |     6 ||     6
       Ice Form          |       |     1 ||     1
Invok: Sacrifice Drink   |       |     1 ||     1
  Use: Scroll            |       |     4 ||     4
Armor: Skin              |    54 |    13 ||    67
Dodge: Dodged            |    77 |    53 ||   130

Table legend: (Time is in decaauts)
 A = Elapsed time spent in this place.
 B = Non-inter-level travel time spent in this place.
 C = Inter-level travel time spent in this place.
 D = Time resting spent in this place.
 E = Time spent auto-exploring this place.
 F = Levels seen in this place.
 G = Mean time per level.
                   A        B        C        D        E       F      G
               +--------+--------+--------+--------+--------+-----+--------+
         Total |   3950 |   3876 |     74 |    896 |   2381 |   4 |  987.5 |
       Dungeon |   3950 |   3876 |     74 |    896 |   2381 |   4 |  987.5 |
               +--------+--------+--------+--------+--------+-----+--------+

Top non-repeatable levels by time:
     D:3: 1739 daAuts
     D:2: 1092 daAuts
     D:1: 891 daAuts
     D:4: 227 daAuts
